 Dungeon Crawl Stone Soup version 0.30-b1-2-g02819fbbbe (webtiles) character file.

Game seed: 2674153594167527283

4 nightchill the Trooper (level 1, -1/14 HPs)
             Began as a Gargoyle Fighter on Jan 5, 2024.
             Slain by a kobold
             ... wielding a +0 whip
              (5 damage)
             ... on level 1 of the Dungeon.
             The game lasted 00:00:21 (182 turns).

nightchill the Trooper (Gargoyle Fighter)            Turns: 182, Time: 00:00:22

Health: -1/14      AC:  9    Str: 19    XL:     1   Next: 60%
Magic:  1/1        EV:  9    Int:  8    God:
Gold:   23         SH:  4    Dex:  9    Spells: 0/0 levels left

rFire   . . .        a - +0 flail
rCold   . . .        c - +0 buckler
rNeg    + . .        b - +0 scale mail
rPois   ∞            (no helmet)
rElec   +            (no cloak)
rCorr   .            (no gloves)
SInv    .            (no boots)
Will    .....        (no amulet) Stlth
                     (no ring)
HPRegen 0.22/turn    (no ring)
MPRegen 0.07/turn

%: no passive effects
@: no status effects
A: sickness immunity, AC +2, negative energy resistance 1, electricity
resistance, torment resistance 1, petrification resistance
a: no special abilities


You were on level 1 of the Dungeon.
You visited 1 branch of the dungeon, and saw 1 of its levels.

You collected 23 gold pieces.

Inventory:

Hand Weapons
 a - a +0 flail (weapon)
Armour
 b - a +0 scale mail (worn)
 c - a +0 buckler (worn)
Scrolls
 e - a scroll of identify {unknown}
Potions
 d - a potion of might


   Skills:
 + Level 3.4 Fighting
 * Level 2.2 Maces & Flails
 - Level 3.2 Armour
 - Level 3.2 Shields


You couldn't memorise any spells.
You didn't know any spells.
Your spell library was empty.

Dungeon Overview and Level Annotations

Branches:
Dungeon (1/15)

Altars:


Innate Abilities, Weirdness & Mutations

You are immune to sickness and miasma.
Your stone body is resilient. (AC +2)
You are immune to poison.
You resist negative energy. (rN+)
You are resistant to electric shocks. (rElec)
You are resistant to unholy torment.
You are immune to petrification.


Message History

Found a mace.
A rat comes into view.
Found a scale mail.
A rat is nearby!
No reachable target in view!
No reachable target in view!
The rat bites the plant.
The plant begins to die.
The rat bites the plant.
No reachable target in view!
No reachable target in view!
No reachable target in view!
The rat splashes around in the water.
The rat splashes around in the water.
The rat bites the plant.
A kobold comes into view. It is wielding a +0 club.
A nearby plant withers and dies.
A kobold comes into view. It is wielding a +0 whip.
Found a fizzy silvery potion.
The kobold barely misses you. The kobold hits you with a +0 whip.
You block the kobold's attack.
You miss the kobold.
The rat splashes around in the water.
The kobold hits you but does no damage. The kobold barely misses you.
The rat bites the plant.
The plant begins to die.
You closely miss the kobold. The kobold hits you with a +0 whip.
The kobold barely misses you.
The rat bites the plant.
The kobold hits you with a +0 whip.
* * * LOW HITPOINT WARNING * * *
The kobold hits you but does no damage.
You closely miss the kobold.
The rat bites the plant.
The kobold hits you with a +0 whip.
* * * LOW HITPOINT WARNING * * *
The kobold barely misses you.
You sock the kobold!
You kill the kobold!
A nearby plant withers and dies.
You block the kobold's attack. You block the kobold's attack.
Things that are here:
a +0 club; a kobold corpse You hit the kobold but do no damage.
The kobold hits you with a +0 whip.
You die...

..≈≈≈≈............# ..
.~~≈≈≈............# .
.~~≈≈~P.#......)..#
.~~≈≈P~...######'## ....
.P~≈≈~P.### #.# ....
.~~≈~...# #.# #..
.~~≈~~..########.# #..
..~≈≈~..K......#.## ##..
..~≈~...@......#..####...
.~≈r~~.....!...#..†....#.
..≈~~~)........#.........
~~P~≈~.........#.......##
~~~≈≈P~........#.......#
.~≈≈≈~~........+.....>##
.P≈≈≈.~........#.....##
~~≈≈≈~....###+########


You could see a kobold and a rat.

Vanquished Creatures
  A ball python (D:1)
  A goblin (D:1)
  A kobold (D:1)
  A rat (D:1)
4 creatures vanquished.

Vanquished Creatures (others)
  2 plants (D:1)
2 creatures vanquished.

Grand Total: 6 creatures vanquished

Notes
Turn   | Place    | Note
-------+----------+-------------------------------------------
     0 | D:1      | nightchill the Gargoyle Fighter began the quest for the
                  | Orb.
     0 | D:1      | Reached XP level 1. HP: 14/14 MP: 1/1
   182 | D:1      | Slain by a kobold

Illustrated notes

Levels and vault maps discovered:
D:1:      dpeg_arrival_shelter, layout_basic, chequers_big_river

Action                     || total
---------------------------++-------
  Melee: Flail             ||    25
 Armour: Scale mail        ||    12
  Dodge: Dodged            ||    13
  Block: Buckler           ||     6
